 Dungeon Crawl Stone Soup version 0.21-a0-51-gea492e9 (webtiles) character file.

15990 dududu the Severer (level 12, -15/163 HPs)
             Began as a Deep Dwarf Fighter on June 12, 2017.
             Was an Elder of Makhleb.
             Killed from afar by a molten gargoyle (30 damage)
             ... with a bolt of magma
             ... in a volcano.
             The game lasted 00:44:28 (8555 turns).

dududu the Severer (Deep Dwarf Fighter)             Turns: 8555, Time: 00:44:30

Health: -15/163    AC: 26    Str: 30    XL:     12   Next: 6%
Magic:  14/14      EV:  2    Int:  9    God:    Makhleb [****..]
Gold:   835        SH:  0    Dex: 16    Spells: 11/11 levels left

rFire    . . .     SeeInvis .   a - +6 battleaxe
rCold    . . .     Gourm    .   (shield currently unavailable)
rNeg     + + +     Faith    .   (armour currently unavailable)
rPois    +         Spirit   .   (helmet currently unavailable)
rElec    .         Reflect  .   (cloak currently unavailable)
rCorr    .         Harm     .   (gloves currently unavailable)
MR       +....     NoTele   +   (boots currently unavailable)
Stlth    +++.......             (no amulet)
Regen    0.0/turn               e - +6 ring of strength
MPRegen  0.2/turn               p - ring of poison resistance

@: agile, tree-form, non-regenerating
A: damage resistance, heal wounds, thin skeletal structure 1, clumsy 2, low mp
1, sense surroundings 2, no regeneration
a: Heal Wounds, Minor Destruction, Lesser Servant of Makhleb, Major Destruction,
Renounce Religion


You were in a volcano.
You worshipped Makhleb.
Makhleb was greatly pleased with you.
You were not hungry.
You were a tree.
You visited 2 branches of the dungeon, and saw 12 of its levels.
You also visited: Volcano.

You collected 835 gold pieces.

Inventory:

Hand Weapons
 a - a +6 battleaxe (weapon)
 b - a +0 blowgun
 C - a +0 war axe
 H - the +6 morningstar of the Sea {drain, rF+ rN++ Dex-3 SInv}
   (You found it on level 8 of the Dungeon)

   A truly terrible weapon, it drains the life of those it strikes.
   It affects your dexterity (-3).
   It protects you from fire.
   It greatly protects you from negative energy.
   It lets you see invisible.
Missiles
 w - 15 poisoned needles
 y - 14 tomahawks (quivered)
 L - 3 javelins
Armour
 c - a +0 shield
 d - the +1 helmet "Nelyrr" (melded) {Str+2 Dex+2 Stlth+}
   (You found it on level 6 of the Dungeon)

   It affects your strength (+2).
   It affects your dexterity (+2).
   It makes you more stealthy.
 h - the +0 plate armour "Yppeopn" {rElec rCorr}
   (You found it on level 5 of the Dungeon)

   It insulates you from electricity.
   It protects you from acid and corrosion.
 l - a +0 pair of boots (melded)
 v - a +1 cloak (melded)
 K - a +4 chain mail (melded)
Jewellery
 e - a +6 ring of strength (left branch)
 g - a +4 ring of dexterity
 p - a ring of poison resistance (right branch)
 J - an uncursed ring of protection from fire {unknown}
Wands
 q - a wand of iceblast (1/15)
 B - a wand of random effects (20/48)
 G - a wand of confusion (13/48)
 O - a wand of scattershot (0/9)
 Q - a wand of disintegration (7/24)
Scrolls
 k - 4 scrolls of teleportation
 n - 2 scrolls of remove curse
 x - a scroll of enchant armour
 D - 3 scrolls of recharging
 M - a scroll of magic mapping
 R - a scroll of acquirement {unknown}
 S - a scroll of identify
 T - a scroll of silence {unknown}
Potions
 i - a potion of agility
 o - 2 potions of brilliance {unknown}
 r - 2 potions of ambrosia
 s - a potion of flight
 t - 4 potions of lignification
 z - 6 potions of curing
 A - a potion of invisibility {unknown}
 E - a potion of haste {unknown}
 N - 3 potions of magic {unknown}
 P - a potion of heal wounds {unknown}
Miscellaneous
 I - a phial of floods (inert)
Comestibles
 f - 7 bread rations
 j - 5 meat rations
 m - 5 royal jellies


   Skills:
 - Level 7.4 Fighting
 + Level 15.2 Axes
 + Level 7.6 Armour
 - Level 3.2 Shields
 - Level 11.1 Invocations
 - Level 4.1 Evocations


You had 11 spell levels left.
You didn't know any spells.

Dungeon Overview and Level Annotations

Branches:
Dungeon (10/15)            Temple (0/1) D:6            Lair (2/6) D:8
  Snake (0/4) Lair:2
  Swamp: Lair:2-4    Shoals: Lair:2-4       Orc: D:9-12

Altars:
Makhleb
Okawaru
Xom
The Shining One

Shops:
D:7 (


Innate Abilities, Weirdness & Mutations

You are resistant to damage.
You can heal yourself by infusing magical energy.
You passively map the area around you.
You do not regenerate.
You have a somewhat thin skeletal structure. (Dex +2, Stealth)
You are very clumsy. (Dex -4)
Your magical capacity is low. (-10% MP)


Message History

The red draconian is moderately wounded.
You hit the molten gargoyle.
Your hellwing closely misses the red draconian.
Your hellwing hits the red draconian.
The molten gargoyle hits you but does no damage.
You slash the red draconian!
The red draconian is heavily wounded.
You hit the molten gargoyle but do no damage.
The red draconian breathes flames at you.
Helpless, you fail to dodge the searing blast.
* * * LOW HITPOINT WARNING * * *
Your hellwing hits the red draconian! Your hellwing hits the red draconian.
You slash the red draconian!
The red draconian is severely wounded.
You hit the molten gargoyle. The red draconian barely misses you.
The red draconian hits your hellwing with a battleaxe of flaming!
The red draconian burns your hellwing.
The molten gargoyle blasts magma at you!
The bolt of magma hits you!
You die...

#...#....,
#8.8###..
##.## .. #.# *
* ########+##
##....##...#*,
* #....))(.∩.+
, ,
#.84)⌠)#...# ,
#§♣d.(.##'##,
, , ##(9..##
,, * ###8## 8
#[.)' _ , *
.$$$# ,,*
###### , ** *


You could see a red draconian, a molten gargoyle and a friendly hellwing.

Vanquished Creatures
  A centaur warrior (Volcano)
  A two-headed ogre (D:8)
  The ghost of Ijustatesigmund the Conjurer, a novice OpWz (D:8)
  Pikel (D:7)
  Maurice (D:8)
  A black mamba (Lair:1)
  Psyche (D:8)
  3 spiny frogs
  A rime drake (Lair:1)
  3 komodo dragons (Lair:1)
  3 blink frogs (Lair:2)
  2 hippogriffs (Lair:2)
  11 yaks
  A wyvern (D:8)
  5 fire bats (Volcano)
  Sigmund (D:3)
  4 nagas (Lair:2)
  4 water moccasins
  A porcupine (Lair:1)
  2 slaves (D:7)
  2 black bears (D:8)
  3 orc warriors
  2 eyes of draining
  3 phantoms
  3 ice beasts
  2 sky beasts
  A swamp drake (Lair:2)
  5 centaurs
  3 wolves (Lair:1)
  2 ogres
  5 crocodiles
  A big kobold (D:8)
  8 bullfrogs
  3 scorpions
  19 killer bees
  4 wights (D:6)
  2 howler monkeys (D:9)
  7 crimson imps
  3 lava snakes (Volcano)
  A quasit (D:9)
  A bullfrog skeleton (D:8)
  A bullfrog zombie (D:7)
  2 hounds (D:7)
  A jelly (D:5)
  A gnoll shaman (D:5)
  5 orc priests
  3 orc wizards
  Terence (D:3)
  2 iguanas
  5 worker ants
  2 hound skeletons
  4 worker ant zombies
  8 gnolls
  2 river rats (Lair:2)
  5 adders
  A shadow imp (D:7)
  An ooze (D:2)
  2 dart slugs
  5 leopard geckos
  22 orcs
  4 giant cockroaches
  6 goblins
  3 hobgoblins
  13 jackals
  5 quokkas
  3 ball pythons
  3 bats
  6 frilled lizards
  17 kobolds
  15 rats
  A plant (Lair:2)
277 creatures vanquished.

Vanquished Creatures (collateral kills)
  A hydra (Lair:2)
  A komodo dragon (Lair:2)
  A water moccasin (Lair:2)
  A wolf (Lair:1)
  A crocodile (Lair:2)
  A river rat (Lair:2)
6 creatures vanquished.

Vanquished Creatures (others)
  A slave (D:7)
  2 gnolls (D:7)
3 creatures vanquished.

Grand Total: 286 creatures vanquished

Notes
Turn   | Place    | Note
-------+----------+-------------------------------------------
     0 | D:1      | dududu the Deep Dwarf Fighter began the quest for the Orb.
     0 | D:1      | Reached XP level 1. HP: 20/20 MP: 1/1
    35 | D:1      | Found a glowing golden altar of the Shining One.
   105 | D:1      | Reached skill level 3 in Axes
   105 | D:1      | Reached XP level 2. HP: 27/27 MP: 2/2
   575 | D:2      | Reached XP level 3. HP: 28/33 MP: 3/3
   577 | D:2      | Reached skill level 4 in Axes
   635 | D:2      | Reached XP level 4. HP: 34/40 MP: 4/4
   722 | D:2      | Reached skill level 5 in Axes
  1169 | D:3      | Noticed a bullfrog
  1175 | D:3      | Killed a bullfrog
  1175 | D:3      | Reached skill level 6 in Axes
  1175 | D:3      | Reached XP level 5. HP: 27/46 MP: 5/5
  1355 | D:3      | Found a burning altar of Makhleb.
  1493 | D:3      | Noticed Terence
  1511 | D:3      | Killed Terence
  1546 | D:3      | Became a worshipper of Makhleb the Destroyer
  1892 | D:3      | Noticed Sigmund
  1901 | D:3      | Killed Sigmund
  1901 | D:3      | Reached XP level 6. HP: 20/56 MP: 6/6
  2034 | D:4      | Reached skill level 7 in Axes
  2077 | D:4      | Reached XP level 7. HP: 20/64 MP: 7/7
  2323 | D:4      | Found an iron altar of Okawaru.
  2666 | D:4      | You fall through a shaft for 3 floors!
  2701 | D:7      | Reached skill level 8 in Axes
  2761 | D:7      | Found Ahaciuf's Weapon Shop.
  2837 | D:7      | Reached * piety under Makhleb
  2837 | D:7      | Reached skill level 5 in Fighting
  2858 | D:7      | Noticed Pikel
  2878 | D:7      | Killed Pikel
  2878 | D:7      | Reached skill level 9 in Axes
  2878 | D:7      | Reached XP level 8. HP: 27/74 MP: 6/10
  3442 | D:6      | Reached skill level 5 in Invocations
  3509 | D:6      | Got a heavily runed helmet
  3520 | D:6      | Identified the +1 helmet "Nelyrr" {Str+2 Dex+2 Stlth+} (You found it on level 6 of the Dungeon)
  3559 | D:6      | Found a staircase to the Ecumenical Temple.
  3592 | D:5      | Entered Level 5 of the Dungeon
  3672 | D:5      | Reached skill level 10 in Axes
  3722 | D:5      | Got a slimy plate armour
  3743 | D:5      | Identified the cursed +0 plate armour "Yppeopn" {rElec rCorr} (You found it on level 5 of the Dungeon)
  3807 | D:5      | Gained mutation: You passively map the area around you. [Deep Dwarf growth]
  3807 | D:5      | Reached XP level 9. HP: 35/81 MP: 12/12
  3976 | D:5      | Found a shimmering altar of Xom.
  3988 | D:5      | Paralysed by a crimson imp for 3 turns
  4008 | D:5      | Found a shimmering altar of Xom.
  4082 | D:5      | Reached ** piety under Makhleb
  4675 | D:6      | Reached skill level 11 in Axes
  5580 | D:8      | Gained mutation: You are clumsy. (Dex -2) [mutagenic meat]
  5581 | D:8      | Gained mutation: You are very clumsy. (Dex -4) [mutagenic meat]
  5582 | D:8      | Gained mutation: Your magical capacity is low. (-10% MP) [mutagenic meat]
  5583 | D:8      | Gained mutation: You have a somewhat thin skeletal structure. (Dex +2, Stealth) [mutagenic meat]
  5682 | D:8      | Reached skill level 12 in Axes
  5802 | D:8      | Reached skill level 13 in Axes
  5836 | D:8      | Reached *** piety under Makhleb
  5878 | D:8      | Noticed a two-headed ogre
  5886 | D:8      | Killed a two-headed ogre
  5886 | D:8      | Reached XP level 10. HP: 28/88 MP: 12/12
  5949 | D:8      | Noticed Psyche
  5952 | D:8      | Killed Psyche
  6038 | D:8      | Reached skill level 14 in Axes
  6082 | D:8      | Noticed Maurice
  6091 | D:8      | Killed Maurice
  6199 | D:8      | Got a transparent morningstar
  6200 | D:8      | Identified the +6 morningstar of the Sea {drain, rF+ rN++ Dex-3 SInv} (You found it on level 8 of the Dungeon)
  6239 | D:8      | Found a staircase to the Lair.
  6260 | D:8      | Noticed Ijustatesigmund's ghost (novice OpWz)
  6275 | D:8      | Killed Ijustatesigmund's ghost
  6491 | D:9      | Reached skill level 1 in Evocations
  7057 | D:10     | Entered Level 10 of the Dungeon
  7058 | D:10     | Noticed a cyclops
  7106 | D:8      | Reached **** piety under Makhleb
  7127 | Lair:1   | Entered Level 1 of the Lair of Beasts
  7268 | Lair:1   | Reached XP level 11. HP: 38/98 MP: 12/12
  7920 | Lair:2   | Noticed a six-headed hydra
  7928 | Lair:2   | Killed a six-headed hydra
  7982 | Lair:2   | Reached skill level 5 in Armour
  8017 | Lair:2   | Identified Michaitu's Collected Works on the Dislocated Mountains
  8031 | Lair:2   | Reached skill level 10 in Invocations
  8073 | Lair:2   | Found a staircase to the Snake Pit.
  8246 | Lair:2   | Reached skill level 15 in Axes
  8425 | Lair:2   | Found a dark tunnel.
  8434 | Volcano  | Entered a volcano
  8515 | Volcano  | Noticed a red draconian
  8533 | Volcano  | Noticed a centaur warrior
  8536 | Volcano  | Killed a centaur warrior
  8536 | Volcano  | Reached XP level 12. HP: 53/109 MP: 15/15
  8555 | Volcano  | Killed from afar by a molten gargoyle

Vault maps used:
D:1:      enne_arrival_octagon_isle, tso_metal_star
D:2:      cheibrodos_pilgrimage, lightli_corner_chamber
D:3:      first_bread, lemuel_tele_altar, uniq_terence, uniq_sigmund
D:4:      okawaru_gym_becter
D:5:      basic_altar, hangedman_abyss_or_decor_slice, led_xom_imps
D:6:      minmay_temple_entry_overgrown, serial_glass, glass_columns_a,
          glass_columns_c
D:7:      serial_shops, shop, uniq_pikel
D:8:      lair_entry_dummy, uniq_maurice, uniq_psyche
D:9:      serial_glass, glass_columns_b, glass_columns_b
D:10:     gammafunk_the_bubble, the_bakery
Lair:1:   infiniplex_staircase_pool_2
Lair:2:   minmay_snake_entry_guardpost_small, enter_volcano_2, pond
Volcano:  volcano_grotto

Skill      XL: |  1  2  3  4  5  6  7  8  9 10 11 |
---------------+----------------------------------+-----
Axes           | 3 4 6 7 9 10 13 14 15 | 15.2
Armour         | 4 7 |  7.6
Fighting       | 3 4 5 6 7 |  7.4
Invocations    | 4 6 7 11 | 11.1
Evocations     | 4 |  4.1
Shields        | |  3.2

Action                   |  1- 3 |  4- 6 |  7- 9 | 10-12 || total
-------------------------+-------+-------+-------+-------++-------
Melee: War axe           |    76 |   152 |   150 |       ||   378
       Battleaxe         |       |       |   171 |   292 ||   463
       Morningstar       |       |       |       |     5 ||     5
 Fire: Blowgun           |       |       |     2 |    11 ||    13
Throw: Stone             |       |     1 |     8 |       ||     9
       Tomahawk          |       |       |       |    10 ||    10
       Javelin           |       |       |       |     6 ||     6
Invok: Lesser Servant of |       |       |       |     5 ||     5
       Major Destruction |       |       |       |     1 ||     1
 Abil: Heal Wounds       |       |     1 |     3 |     7 ||    11
Evoke: Wand              |       |     2 |     4 |     6 ||    12
       Phial of floods   |       |       |       |     1 ||     1
  Use: Potion            |       |     1 |     2 |     2 ||     5
       Scroll            |       |       |    20 |     2 ||    22
  Eat: Chunk             |       |     4 |    10 |     8 ||    22
       Royal jelly       |       |       |     1 |       ||     1
       Bread ration      |       |       |     1 |       ||     1
       Fruit             |       |       |       |     2 ||     2
Armor: Scale mail        |    28 |    55 |    52 |       ||   135
       Plate armour      |       |       |   164 |   121 ||   285
       Chain mail        |       |       |       |   100 ||   100
       Skin              |       |       |       |     2 ||     2
Dodge: Dodged            |    25 |    34 |   134 |   152 ||   345
Block: Shield            |    35 |    89 |    75 |       ||   199
